 Dungeon Crawl Stone Soup version 0.22-a0-69-g116c2a8 (webtiles) character file.

2592 KristoblXynda the Carver (level 9, -4/67 HPs)
             Began as a Red Draconian Gladiator on Jan 11, 2018.
             Was a Priest of Yredelemnul.
             Slain by an orc warrior
             ... wielding a +0 halberd
              (36 damage)
             ... in a bailey.
             The game lasted 00:18:46 (6865 turns).

KristoblXynda the Carver (Red Draconian Gladiator)  Turns: 6865, Time: 00:18:47

Health: -4/67      AC: 11    Str: 17    XL:     9   Next: 33%
Magic:  12/12      EV: 20    Int: 11    God:    Yredelemnul [***...]
Gold:   409        SH: 10    Dex: 13    Spells: 8/8 levels left

rFire    + + .     SeeInvis .   k - +1 scimitar (flame)
rCold    + . .     Gourm    .   h - +0 buckler
rNeg     . . .     Faith    .   (armour unavailable)
rPois    .         Spirit   .   b - +1 hat
rElec    .         Reflect  +   n - scarf {rC+ rF+}
rCorr    .         Harm     .   (no gloves)
MR       .....                  (no boots)
Stlth    +++.......             m - +5 amulet of reflection
HPRegen  0.21/turn              s - +3 ring of protection
MPRegen  0.13/turn              v - +6 ring of evasion

@: very slightly contaminated, invisible
A: breathe fire, unfitting armour, fire resistance 1, cold-blooded, AC +7
a: Breathe Fire, Recall Undead Slaves, Injury Mirror, Animate Dead, Renounce
Religion


You were in a bailey.
You worshipped Yredelemnul.
Yredelemnul was most pleased with you.
You were not hungry.

You visited 2 branches of the dungeon, and saw 8 of its levels.
You also visited: Ossuary and Bailey.

You collected 409 gold pieces.

Inventory:

Hand Weapons
 a - a +0 long sword
 k - a +1 scimitar of flaming (weapon)
Missiles
 c - 3 throwing nets (quivered)
Armour
 b - a +1 hat (worn)
 h - a +0 buckler (worn)
 n - a scarf of resistance (worn)
Jewellery
 m - a +5 amulet of reflection (around neck)
 s - a +3 ring of protection (left hand)
 v - a +6 ring of evasion (right hand)
Wands
 o - a wand of random effects (26)
 t - a wand of digging (13)
Scrolls
 e - 2 scrolls of fog
 f - 2 scrolls of teleportation
 g - a scroll of remove curse
 j - a scroll of enchant armour
Potions
 i - a potion of mutation
 l - a potion of agility
 p - a potion of haste {unknown}
 q - a potion of degeneration {unknown}
 r - a potion of berserk rage {unknown}
 w - 6 potions of curing
 x - a potion of brilliance {unknown}
 z - a potion of resistance {unknown}
 A - a potion of cancellation {unknown}
 B - a potion of might {unknown}
 C - 2 potions of lignification {unknown}
 D - a potion of flight {unknown}
 E - a potion of ambrosia {unknown}
 F - a potion of invisibility
 G - a potion of experience {unknown}
 H - 2 potions of heal wounds
Comestibles
 d - 2 rations


   Skills:
 - Level 2.1 Fighting
 + Level 8.0 Long Blades
 - Level 3.0 Throwing
 - Level 5.2 Dodging
 - Level 5.0 Stealth
 - Level 4.1 Shields
 + Level 4.5 Invocations
 + Level 3.1 Evocations


You had 8 spell levels left.
You didn't know any spells.

Dungeon Overview and Level Annotations

Branches:
Dungeon (7/15)             Temple (1/1) D:4

Altars:
Ashenzari
Cheibriados
Dithmenos
Elyvilon
Fedhas
Gozag
Hepliaklqana
Makhleb
Nemelex Xobeh
Okawaru
Qazlal
Ru
Sif Muna
Trog
Uskayaw
Vehumet
Wu Jian
Xom
Yredelemnul
Zin
The Shining One


Innate Abilities, Weirdness & Mutations

You can breathe blasts of fire.
Your fiery red scales are hard. (AC +7)
You cannot fit into any form of body armour.
Your flesh is heat resistant. (rF+)
You are cold-blooded and may be slowed by cold attacks.


Message History

The orc warrior completely misses you. x2; You riposte.
You barely miss the orc warrior.
Your tail-slap misses the orc warrior.
The orc warrior is moderately wounded.
You closely miss the orc warrior.
The orc warrior is moderately wounded.
You have got your breath back.
The orc warrior barely misses you.
Unknown command.
You hit the orc warrior but do no damage.
The orc warrior is moderately wounded.
The orc warrior barely misses you.
You riposte.
You slash the orc warrior! You burn the orc warrior.
You tail-slap the orc warrior.
The orc warrior is almost dead.
You block the orc warrior's attack.
You slash the orc warrior! You burn the orc warrior.
The orc warrior is heavily wounded.
The orc warrior hits you with a halberd!!!
Ouch! That really hurt!
You die...
Your body rises from the dead as a mindless zombie.

###### ####### #
##.....#########.....## ##
'......)#.o...#.....).######.
'....)o)o.oo@.'.....))#)...#.
'.....)))..o..'......)))...).
'.....o)'.....'......)#....#.
'....).)#.....#.......######.
##.....#########.....## ##
###### ####### #


You could see an orc knight, 4 orc warriors and 2 orcs.

Vanquished Creatures
  A wraith (Ossuary)
  The ghost of Ratty the Shooter, an amateur CeHu (D:6)
  Edmund (D:5)
  8 orc warriors
  2 phantoms
  An ogre (D:7)
  A centaur (D:6)
  The ghost of KristoblXynda the Ducker, an amateur SpFi (D:3)
  A bullfrog (D:6)
  A howler monkey (D:6)
  3 crimson imps
  3 orc priests
  A hound (D:5)
  A jelly (D:6)
  2 orc wizards (D:5)
  Jessica (D:2)
  A bullfrog skeleton (D:5)
  6 worker ants
  Natasha (thrice) (D:4)
  A mummy (Ossuary)
  3 gnolls (D:6)
  7 adders
  A shadow imp (D:4)
  2 oozes
  A worm (D:3)
  3 dart slugs
  A leopard gecko (D:5)
  35 orcs
  7 bats
  2 giant cockroaches
  7 goblins
  5 hobgoblins
  12 jackals
  3 quokkas
  5 frilled lizards
  7 gnoll skeletons (Ossuary)
  6 kobolds
  7 kobold skeletons (Ossuary)
  11 orc skeletons (Ossuary)
  An orc zombie (Bailey)
  A quokka skeleton (D:6)
  6 rats
173 creatures vanquished.

Vanquished Creatures (collateral kills)
  2 orc warriors (Bailey)
  8 orcs (Bailey)
10 creatures vanquished.

Vanquished Creatures (others)
  An orc wizard (D:6)
  A mummy (Bailey)
  16 orc zombies (Bailey)
18 creatures vanquished.

Grand Total: 201 creatures vanquished

Notes
Turn   | Place    | Note
-------+----------+-------------------------------------------
     0 | D:1      | KristoblXynda the Draconian Gladiator began the quest for the Orb.
     0 | D:1      | Reached XP level 1. HP: 17/17 MP: 1/1
   166 | D:1      | Reached XP level 2. HP: 20/24 MP: 2/2
   569 | D:2      | Noticed Jessica
   573 | D:2      | Killed Jessica
   573 | D:2      | Reached XP level 3. HP: 29/29 MP: 3/3
   643 | D:2      | Reached XP level 4. HP: 22/36 MP: 4/4
   710 | D:2      | Found a stormy altar of Qazlal.
   799 | D:2      | Found a basalt altar of Yredelemnul.
   802 | D:2      | Noticed a profane servitor
   810 | D:2      | Found a glowing golden altar of the Shining One.
   812 | D:2      | Noticed an angel
   836 | D:2      | Became a worshipper of Yredelemnul the Dark
  1583 | D:3      | Reached skill level 4 in Long Blades
  1676 | D:3      | Reached XP level 5. HP: 26/41 MP: 5/5
  1747 | D:3      | Reached * piety under Yredelemnul
  1777 | D:3      | Found a faded altar of an unknown god.
  1883 | D:3      | Reached skill level 1 in Stealth
  1913 | D:3      | Found an opulent altar of Gozag.
  2025 | D:3      | Noticed KristoblXynda's ghost (amateur SpFi)
  2125 | D:3      | Killed KristoblXynda's ghost
  2281 | D:4      | Noticed a phantom
  2381 | D:4      | Found a sparkling altar of Nemelex Xobeh.
  2445 | D:4      | Reached XP level 6. HP: 44/48 MP: 6/6
  2701 | D:4      | Found a white marble altar of Elyvilon.
  2702 | D:4      | Found a staircase to the Ecumenical Temple.
  2734 | D:4      | Noticed Natasha
  2743 | D:4      | Killed Natasha
  2743 | D:4      | Reached skill level 5 in Long Blades
  2746 | D:4      | Noticed Natasha
  2752 | D:4      | Killed Natasha
  3088 | D:4      | Noticed Natasha
  3096 | D:4      | Killed Natasha
  3096 | D:4      | Your scales start taking on a fiery red colour.
  3096 | D:4      | Reached XP level 7. HP: 49/55 MP: 7/7
  3096 | D:4      | Gained mutation: Your flesh is heat resistant. (rF+) [Red Draconian growth]
  3160 | Temple   | Entered the Ecumenical Temple
  3228 | D:5      | Entered Level 5 of the Dungeon
  3261 | D:5      | Reached skill level 5 in Dodging
  3515 | D:5      | Noticed Edmund
  3524 | D:5      | Killed Edmund
  4402 | D:5      | Reached ** piety under Yredelemnul
  4466 | D:5      | Reached skill level 1 in Shields
  4785 | D:6      | Reached skill level 6 in Long Blades
  5023 | D:6      | Reached XP level 8. HP: 39/61 MP: 8/8
  5177 | D:6      | Noticed Ratty's ghost (amateur CeHu)
  5192 | D:6      | Killed Ratty's ghost
  5192 | D:6      | Reached skill level 5 in Stealth
  5294 | D:6      | Reached skill level 1 in Invocations
  5899 | D:7      | Reached skill level 7 in Long Blades
  5908 | D:7      | Found a sand-covered staircase.
  5916 | Ossuary  | Entered an ossuary
  5932 | Ossuary  | Reached *** piety under Yredelemnul
  5996 | Ossuary  | Reached skill level 1 in Evocations
  6126 | D:7      | Found a flagged portal.
  6143 | Bailey   | Entered a bailey
  6162 | Bailey   | Reached XP level 9. HP: 48/67 MP: 11/11
  6187 | Bailey   | Received a gift from Yredelemnul (a mummy)
  6847 | Bailey   | Noticed an orc knight
  6850 | Bailey   | Reached skill level 8 in Long Blades
  6865 | Bailey   | Slain by an orc warrior

Vault maps used:
D:1:      dpeg_arrival_shelter, minmay_stone_trees_small
D:2:      grunt_temple_overflow_holy_war, old_standard_altar, uniq_jessica
D:3:      nicolae_gozag_cash_rules_everything_around_me,
          chequers_ecumenical_altar_simple
D:4:      nemelex_altar_shiori, lemuel_crystal_altar,
          minmay_temple_entry_metal_lava, roderic_serpentine_path, uniq_natasha
D:5:      first_ration, uniq_edmund
D:7:      nicolae_ossuary_entry_ruins, enter_bailey_2, the_bakery, uniq_joseph
Temple:   eino_wide_crystal_templ
Ossuary:  ossuary_due_mausoleum
Bailey:   bailey_polearm_5, bailey

Skill      XL: |  1  2  3  4  5  6  7  8  9 |
---------------+----------------------------+-----
Throwing       | 2 3 |  3.0
Dodging        | 3 4 5 |  5.2
Long Blades    | 4 5 6 7 8 |  8.0
Stealth        | 1 3 4 5 |  5.0
Shields        | 2 4 |  4.1
Invocations    | 3 4 |  4.5
Evocations     | 1 3 |  3.1
Fighting       | |  2.1

Action                   |  1- 3 |  4- 6 |  7- 9 || total
-------------------------+-------+-------+-------++-------
Melee: Long sword        |    43 |   178 |   210 ||   431
       Tailslap          |     6 |    21 |    45 ||    72
       Scimitar          |       |       |    81 ||    81
Throw: Throwing net      |       |       |     2 ||     2
Invok: Animate Dead      |       |       |     5 ||     5
 Abil: Breathe Fire      |       |       |    10 ||    10
Evoke: Wand              |       |       |     4 ||     4
  Use: Scroll            |       |     4 |     7 ||    11
       Potion            |       |     1 |     6 ||     7
 Stab: Sleeping          |     1 |     2 |     1 ||     4
  Eat: Chunk             |       |     4 |    10 ||    14
       Ration            |       |     1 |     2 ||     3
Armor: Skin              |    18 |    60 |    71 ||   149
Dodge: Dodged            |    35 |   130 |   277 ||   442
Block: Buckler           |       |    13 |   153 ||   166
       Rpst.: Long sword |     9 |    47 |    47 ||   103
       Scimitar          |       |       |    24 ||    24

Table legend:
 A = Spawn XP
 B = Non-spawn XP
 C = Spawn XP percentage of total XP
 D = Spawn monster count
 E = Non-spawn monster count
 F = Spawn count percentage of total count
 G = Total turns spent on level
                    A         B        C        D         E        F      G
               +---------+---------+-------+---------+---------+-------+---------
         Total |       0 |    3704 |   0.0 |       0 |     183 |   0.0 |  6865
               +---------+---------+-------+---------+---------+-------+---------
           D:1 |       0 |      39 |   0.0 |       0 |      18 |   0.0 |   497
           D:2 |       0 |     113 |   0.0 |       0 |      12 |   0.0 |  1024
           D:3 |       0 |     211 |   0.0 |       0 |      27 |   0.0 |   968
           D:4 |       0 |     402 |   0.0 |       0 |      14 |   0.0 |   689
           D:5 |       0 |     500 |   0.0 |       0 |      24 |   0.0 |  1472
           D:6 |       0 |    1022 |   0.0 |       0 |      27 |   0.0 |  1195
           D:7 |       0 |     190 |   0.0 |       0 |       3 |   0.0 |    75
       Ossuary |       0 |     246 |   0.0 |       0 |      27 |   0.0 |   173
        Bailey |       0 |     981 |   0.0 |       0 |      31 |   0.0 |   722
               +---------+---------+-------+---------+---------+-------+---------
